General information
- name: BNet
- type: Ladder team game (AT/RT)
- host: Battle.net
- saver: BellaCiao
map: GolemsInTheMist
- players: 8
- length: 27:37
- speed: Fast
- version: 1.26 W3XP
- replay type: Public
» download(148 KB)
Players
team 1 (loser)
iwannaGAGOOfast (
blue | 63 APM | 1300 actions | 20:35)
4 Mountain King
2 Storm Bolt
1 Thunder Clap
1 Bash
2 Paladin
1 Holy Light
1 Divine Shield
» actions
| Assign group hotkey | 2 | |
| Basic commands | 14 | |
| Build / train | 61 | |
| ESC pressed | 6 | |
| Enter build submenu | 21 | |
| Enter hero's abilities submenu | 6 | |
| Remove unit from queue | 1 | |
| Right click | 648 | |
| Select / deselect | 309 | |
| Select group hotkey | 150 | |
| Use ability | 82 | |
1300 total
» units
| Peasant | 13 | |
| Footman | 5 | |
| Rifleman | 7 | |
| Mortar Team | 2 | |
27 total
» upgrades
| Defend | 1 | |
| Plating | 2 | |
| Swords | 0 | |
| Long Rifles | 1 | |
| Lumber Harvesting | 1 | |
| Fragmentation Shards | 1 | |
| Gunpowder | 2 | |
8 total
» buildings
| Altar of Kings | 1 | |
| Farm | 9 | |
| Barracks | 2 | |
| Scout Tower | 2 | |
| Arcane Tower | 1 | |
| Lumber Mill | 1 | |
| Guard Tower | 1 | |
| Arcane Vault | 1 | |
| Keep | 1 | |
| Blacksmith | 1 | |
| Castle | 1 | |
| Town Hall | 1 | |
| Workshop | 3 | |
25 total
» build order
00:09 Altar of Kings
00:10 Farm
00:49 Barracks
01:38 Farm
01:53 Scout Tower
02:09 Farm
02:25 Arcane Tower
02:27 Scout Tower
02:35 Lumber Mill
02:45 Farm
02:46 Farm
02:57 Barracks
03:38 Guard Tower
03:49 Farm
03:53 Farm
04:00 Arcane Vault
05:07 Farm
05:09 Farm
06:05 Keep
07:24 Blacksmith
09:12 Castle
10:09 Town Hall
13:31 Workshop
13:34 Workshop
13:36 Workshop
» items
| Scroll of Regeneration | 4 | |
| Lesser Clarity Potion | 4 | |
| Scroll of Town Portal | 3 | |
| Potion of Mana | 1 | |
| Potion of Healing | 1 | |
13 total
LovelyToMeetYou (
orange | 57 APM | 1561 actions | 27:34)
8 Blood Mage
3 Flame Strike
2 Siphon Mana
1 Summon Phoenix
2 Banish
» actions
| Assign group hotkey | 383 | |
| Basic commands | 28 | |
| Build / train | 87 | |
| Enter build submenu | 57 | |
| Enter hero's abilities submenu | 8 | |
| Give item / drop item | 1 | |
| Remove unit from queue | 1 | |
| Right click | 454 | |
| Select / deselect | 280 | |
| Select group hotkey | 100 | |
| Use ability | 162 | |
1561 total
» units
| Peasant | 12 | |
| Footman | 4 | |
| Goblin Shredder | 2 | |
| Sorceress | 2 | |
20 total
» upgrades
| Masonry | 3 | |
| Sorceress Training | 1 | |
| Magic Sentry | 1 | |
| Swords | 3 | |
| Armor | 3 | |
| Lumber Harvesting | 2 | |
| Animal War Training | 1 | |
| Gunpowder | 1 | |
| Plating | 1 | |
16 total
» buildings
| Altar of Kings | 1 | |
| Barracks | 3 | |
| Farm | 7 | |
| Arcane Vault | 2 | |
| Keep | 1 | |
| Lumber Mill | 2 | |
| Town Hall | 2 | |
| Arcane Sanctum | 1 | |
| Scout Tower | 53 | |
| Guard Tower | 13 | |
| Castle | 1 | |
| Blacksmith | 2 | |
| Workshop | 2 | |
90 total
» build order
00:46 Altar of Kings
00:48 Barracks
00:52 Farm
01:06 Farm
01:07 Farm
01:24 Farm
01:25 Farm
02:34 Farm
03:08 Arcane Vault
03:35 Keep
04:29 Lumber Mill
04:48 Town Hall
06:07 Town Hall
06:42 Arcane Sanctum
06:56 Scout Tower
06:57 Scout Tower
07:26 Guard Tower
07:27 Scout Tower
07:28 Scout Tower
08:07 Arcane Vault
08:11 Guard Tower
09:23 Castle
09:29 Blacksmith
09:31 Blacksmith
09:42 Farm
10:56 Scout Tower
10:57 Scout Tower
10:58 Scout Tower
10:58 Scout Tower
11:02 Scout Tower
11:12 Scout Tower
11:13 Scout Tower
11:14 Scout Tower
11:15 Scout Tower
11:16 Scout Tower
11:17 Scout Tower
11:19 Scout Tower
11:20 Scout Tower
11:22 Scout Tower
11:23 Scout Tower
11:23 Scout Tower
11:24 Scout Tower
11:27 Guard Tower
11:45 Scout Tower
11:45 Scout Tower
11:46 Scout Tower
11:47 Scout Tower
11:53 Guard Tower
12:30 Guard Tower
12:34 Guard Tower
12:40 Scout Tower
13:10 Guard Tower
13:59 Guard Tower
14:12 Lumber Mill
14:25 Guard Tower
16:00 Scout Tower
16:02 Scout Tower
16:06 Scout Tower
16:09 Scout Tower
16:10 Scout Tower
16:13 Scout Tower
17:25 Guard Tower
18:48 Scout Tower
18:49 Scout Tower
18:50 Scout Tower
18:51 Scout Tower
18:52 Scout Tower
18:53 Scout Tower
18:54 Scout Tower
18:55 Scout Tower
18:56 Scout Tower
18:58 Scout Tower
18:59 Scout Tower
19:06 Scout Tower
19:06 Scout Tower
19:07 Scout Tower
19:08 Scout Tower
20:23 Guard Tower
20:30 Scout Tower
20:31 Scout Tower
20:32 Scout Tower
20:34 Scout Tower
20:35 Scout Tower
20:36 Scout Tower
22:53 Guard Tower
23:57 Workshop
23:59 Workshop
24:01 Barracks
24:05 Barracks
» items
| Scroll of Regeneration | 6 | |
| Potion of Healing | 7 | |
| Scroll of Town Portal | 4 | |
| Potion of Mana | 6 | |
| Lesser Clarity Potion | 3 | |
26 total
find748 (
pink | 1 APM | 8 actions | 08:50)

»
i[L]o[s]e (
yellow | 19 APM | 377 actions | 19:55)
5 Far Seer
3 Feral Spirit
2 Chain Lighting
» actions
| Assign group hotkey | 1 | |
| Basic commands | 10 | |
| Build / train | 60 | |
| ESC pressed | 1 | |
| Enter build submenu | 24 | |
| Enter hero's abilities submenu | 5 | |
| Right click | 49 | |
| Select / deselect | 156 | |
| Select group hotkey | 45 | |
| Use ability | 26 | |
377 total
» units
| Peon | 6 | |
| Troll Headhunter/Berserker | 29 | |
| Goblin Shredder | 1 | |
| Shaman | 6 | |
42 total
» upgrades
| Ranged Weapons | 3 | |
| Armor | 2 | |
| Spiked Barricades | 1 | |
| Shaman Training | 2 | |
| Troll Regeneration | 1 | |
| Berserker Upgrade | 1 | |
10 total
» buildings
| Altar of Storms | 1 | |
| Barracks | 2 | |
| Orc Burrow | 8 | |
| War Mill | 1 | |
| Watch Tower | 4 | |
| Stronghold | 1 | |
| Spirit Lodge | 1 | |
| Voodoo Lounge | 1 | |
| Fortress | 1 | |
20 total
» build order
00:05 Altar of Storms
00:07 Barracks
00:13 Orc Burrow
01:21 War Mill
02:20 Orc Burrow
02:58 Watch Tower
03:05 Watch Tower
03:28 Orc Burrow
04:30 Barracks
06:10 Stronghold
06:19 Orc Burrow
07:41 Orc Burrow
09:07 Spirit Lodge
09:16 Voodoo Lounge
11:02 Fortress
13:37 Orc Burrow
13:44 Watch Tower
15:19 Orc Burrow
16:24 Orc Burrow
17:36 Watch Tower
team 2 (winner)
TANKER-BANKER (
purple | 42 APM | 1170 actions | 27:35)
5 Blood Mage
3 Flame Strike
2 Banish
» actions
| Assign group hotkey | 60 | |
| Basic commands | 35 | |
| Build / train | 94 | |
| Enter build submenu | 24 | |
| Enter hero's abilities submenu | 6 | |
| Give item / drop item | 2 | |
| Right click | 274 | |
| Select / deselect | 231 | |
| Select group hotkey | 317 | |
| Use ability | 127 | |
1170 total
» units
| Peasant | 15 | |
| Goblin Shredder | 4 | |
| Sorceress | 5 | |
| Mortar Team | 7 | |
| Footman | 4 | |
35 total
» upgrades
| Masonry | 3 | |
| Gunpowder | 3 | |
| Plating | 3 | |
| Lumber Harvesting | 1 | |
| Sorceress Training | 2 | |
| Magic Sentry | 1 | |
| Flying Machine Bombs | 1 | |
| Flak Cannons | 1 | |
| Barrage | 1 | |
| Flare | 1 | |
| Fragmentation Shards | 1 | |
| Priest Training | 1 | |
19 total
» buildings
| Altar of Kings | 1 | |
| Farm | 15 | |
| Scout Tower | 28 | |
| Arcane Tower | 2 | |
| Lumber Mill | 2 | |
| Town Hall | 1 | |
| Guard Tower | 17 | |
| Keep | 4 | |
| Castle | 2 | |
| Blacksmith | 1 | |
| Arcane Vault | 1 | |
| Arcane Sanctum | 2 | |
| Workshop | 4 | |
80 total
» build order
00:10 Altar of Kings
00:22 Farm
00:53 Scout Tower
01:07 Farm
01:25 Arcane Tower
01:26 Arcane Tower
01:31 Lumber Mill
01:36 Farm
03:27 Town Hall
03:35 Scout Tower
03:36 Scout Tower
03:36 Scout Tower
03:49 Scout Tower
05:12 Guard Tower
05:16 Guard Tower
05:31 Farm
05:58 Guard Tower
05:58 Guard Tower
06:49 Keep
06:50 Keep
07:22 Scout Tower
07:22 Scout Tower
07:22 Scout Tower
07:23 Scout Tower
07:23 Scout Tower
07:24 Scout Tower
07:25 Scout Tower
07:30 Scout Tower
07:30 Scout Tower
07:31 Scout Tower
07:31 Scout Tower
07:32 Scout Tower
07:32 Scout Tower
07:33 Scout Tower
07:33 Scout Tower
07:33 Scout Tower
07:56 Scout Tower
07:56 Scout Tower
07:56 Scout Tower
07:57 Scout Tower
07:59 Scout Tower
08:17 Guard Tower
08:17 Guard Tower
08:18 Guard Tower
08:20 Guard Tower
08:35 Guard Tower
08:35 Guard Tower
08:55 Guard Tower
09:15 Lumber Mill
09:17 Guard Tower
09:18 Guard Tower
10:07 Castle
10:08 Guard Tower
10:08 Guard Tower
10:11 Blacksmith
10:14 Arcane Vault
10:38 Farm
10:39 Farm
10:40 Farm
10:40 Farm
10:40 Farm
10:41 Farm
10:42 Farm
10:43 Farm
10:43 Farm
10:46 Farm
10:46 Farm
10:52 Arcane Sanctum
12:10 Workshop
12:17 Workshop
12:18 Workshop
12:20 Workshop
15:14 Keep
16:08 Arcane Sanctum
17:58 Castle
» items
| Scroll of Town Portal | 1 | |
| Orb of Fire | 1 | |
2 total
BellaCiao (
green | 89 APM | 2460 actions | 27:37)
8 Blood Mage
3 Flame Strike
3 Siphon Mana
1 Summon Phoenix
1 Banish
1 Archmage
1 Brilliance Aura
» actions
| Assign group hotkey | 52 | |
| Basic commands | 126 | |
| Build / train | 226 | |
| ESC pressed | 19 | |
| Enter build submenu | 60 | |
| Enter hero's abilities submenu | 9 | |
| Give item / drop item | 3 | |
| Right click | 777 | |
| Select / deselect | 507 | |
| Select group hotkey | 551 | |
| Use ability | 130 | |
2460 total
» units
| Peasant | 40 | |
| Footman | 13 | |
| Goblin Shredder | 3 | |
| Rifleman | 8 | |
| Siege Engine | 6 | |
| Dragonhawk Rider | 6 | |
| Knight | 5 | |
| Priest | 21 | |
102 total
» upgrades
| Masonry | 6 | |
| Defend | 1 | |
| Swords | 5 | |
| Plating | 3 | |
| Lumber Harvesting | 4 | |
| Long Rifles | 1 | |
| Gunpowder | 3 | |
| Barrage | 1 | |
| Animal War Training | 1 | |
| Armor | 3 | |
| Magic Sentry | 2 | |
| Cloud | 1 | |
| Storm Hammers | 1 | |
| Sorceress Training | 2 | |
| Priest Training | 4 | |
| Control Magic | 1 | |
39 total
» buildings
| Altar of Kings | 1 | |
| Barracks | 2 | |
| Farm | 11 | |
| Arcane Vault | 1 | |
| Town Hall | 4 | |
| Lumber Mill | 1 | |
| Scout Tower | 25 | |
| Keep | 6 | |
| Guard Tower | 29 | |
| Blacksmith | 3 | |
| Workshop | 1 | |
| Castle | 4 | |
| Arcane Tower | 11 | |
| Gryphon Aviary | 2 | |
| Arcane Sanctum | 3 | |
104 total
» build order
00:03 Altar of Kings
00:06 Barracks
00:10 Farm
00:54 Farm
01:39 Arcane Vault
01:56 Farm
03:36 Town Hall
03:59 Farm
05:09 Lumber Mill
05:12 Scout Tower
05:15 Scout Tower
06:35 Keep
06:35 Keep
06:50 Guard Tower
06:50 Guard Tower
06:52 Scout Tower
06:57 Scout Tower
06:57 Scout Tower
07:25 Blacksmith
07:27 Guard Tower
07:27 Guard Tower
07:29 Guard Tower
07:32 Guard Tower
07:32 Guard Tower
07:34 Town Hall
07:46 Town Hall
07:48 Scout Tower
07:50 Scout Tower
08:18 Scout Tower
08:20 Scout Tower
08:21 Guard Tower
08:21 Guard Tower
08:21 Guard Tower
08:51 Guard Tower
08:51 Guard Tower
09:05 Barracks
09:09 Workshop
10:05 Keep
10:06 Keep
10:16 Scout Tower
10:17 Scout Tower
10:21 Scout Tower
10:26 Castle
10:38 Farm
10:41 Farm
10:47 Farm
10:55 Guard Tower
10:55 Guard Tower
10:57 Scout Tower
11:05 Scout Tower
11:23 Farm
11:56 Guard Tower
11:58 Arcane Tower
12:16 Blacksmith
12:19 Farm
12:36 Scout Tower
12:37 Scout Tower
12:40 Scout Tower
12:41 Scout Tower
12:47 Scout Tower
13:08 Blacksmith
13:13 Gryphon Aviary
13:20 Guard Tower
13:20 Guard Tower
13:21 Arcane Tower
13:21 Arcane Tower
13:28 Castle
13:28 Castle
13:32 Arcane Sanctum
13:33 Arcane Sanctum
15:42 Gryphon Aviary
16:15 Guard Tower
19:28 Arcane Sanctum
22:16 Town Hall
22:54 Scout Tower
22:57 Scout Tower
23:00 Scout Tower
23:02 Scout Tower
23:48 Guard Tower
23:48 Guard Tower
23:49 Arcane Tower
23:50 Arcane Tower
24:11 Farm
24:16 Farm
24:19 Scout Tower
24:46 Arcane Tower
24:46 Arcane Tower
25:31 Scout Tower
26:36 Arcane Tower
» items
| Scroll of Regeneration | 5 | |
| Lesser Clarity Potion | 2 | |
| Orb of Fire | 1 | |
| Potion of Healing | 1 | |
| Staff of Sanctuary | 1 | |
| Ivory Tower | 1 | |
| Potion of Mana | 1 | |
12 total

»
8800888008 (
red | 45 APM | 320 actions | 07:06)
1 Archmage
1 Summon Water Elemental
» actions
| Assign group hotkey | 8 | |
| Basic commands | 7 | |
| Build / train | 22 | |
| ESC pressed | 1 | |
| Enter build submenu | 14 | |
| Enter hero's abilities submenu | 1 | |
| Right click | 119 | |
| Select / deselect | 84 | |
| Select group hotkey | 43 | |
| Use ability | 21 | |
320 total
» units
| Peasant | 10 | |
| Footman | 4 | |
| Rifleman | 1 | |
15 total
» upgrades
» buildings
| Altar of Kings | 1 | |
| Farm | 5 | |
| Barracks | 2 | |
| Lumber Mill | 1 | |
| Blacksmith | 1 | |
| Scout Tower | 3 | |
| Guard Tower | 2 | |
| Keep | 1 | |
| Arcane Vault | 1 | |
17 total
» build order
00:09 Altar of Kings
00:20 Farm
00:34 Barracks
00:36 Barracks
00:59 Farm
01:09 Lumber Mill
01:40 Farm
02:20 Blacksmith
02:58 Scout Tower
03:30 Guard Tower
03:31 Keep
03:57 Farm
03:59 Scout Tower
04:36 Guard Tower
04:38 Farm
04:44 Arcane Vault
05:19 Scout Tower
nibowen (
teal | 23 APM | 587 actions | 25:44)
5 Death Knight
3 Death Coil
2 Unholy Aura
» actions
| Assign group hotkey | 12 | |
| Build / train | 34 | |
| Enter build submenu | 13 | |
| Enter hero's abilities submenu | 5 | |
| Remove unit from queue | 1 | |
| Right click | 312 | |
| Select / deselect | 174 | |
| Select group hotkey | 6 | |
| Use ability | 30 | |
587 total
» units
| Acolyte | 4 | |
| Ghoul | 3 | |
| Crypt Fiend | 7 | |
| Obsidian Statue | 4 | |
18 total
» upgrades
| Web | 1 | |
| Creature Attack | 2 | |
| Creature Carapace | 1 | |
4 total
» buildings
| Altar of Darkness | 1 | |
| Ziggurat | 6 | |
| Crypt | 2 | |
| Graveyard | 1 | |
| Halls of the Dead | 1 | |
| Tomb of Relics | 1 | |
| Slaughterhouse | 1 | |
| Spirit Tower | 3 | |
16 total
» build order
00:09 Altar of Darkness
00:14 Ziggurat
00:43 Crypt
01:15 Crypt
01:38 Ziggurat
02:03 Graveyard
04:10 Halls of the Dead
04:19 Ziggurat
05:30 Ziggurat
06:41 Tomb of Relics
06:50 Slaughterhouse
10:56 Ziggurat
10:58 Spirit Tower
11:25 Ziggurat
12:17 Spirit Tower
13:09 Spirit Tower
» items
Chat log
(00:08 / All) LovelyToMeetYou: lovely to meet you all
(00:16 / All) 8800888008: onj
(00:18 / Allies) nibowen: rush
(00:32 / All) TANKER-BANKER: hello benkmen
(00:36 / Allies) nibowen: rush?
(00:41 / All) 8800888008: someone afk?
(00:43 / All) TANKER-BANKER: VENDI VENI VICI
(00:50 / All) BellaCiao: VENI VID VICI not whatever that is
(00:56 / All) 8800888008: ok they got one afk
(00:57 / All) BellaCiao: Gaul was subdued
(00:59 / All) TANKER-BANKER: I CAME I SAW I CONAUQUERED
(01:07 / Allies) nibowen: green 0 time out
(01:12 / Allies) BellaCiao: ?
(01:21 / Allies) BellaCiao: I breathe them out in clear man
(01:28 / Allies) nibowen: rush
(01:41 / All) TANKER-BANKER: "
(01:57 / All) TANKER-BANKER: ONE THING I FORGOT TO MENTION- DON'T CROSS THE STREAMS
(01:58 / All) TANKER-BANKER: WHY?
(02:01 / All) TANKER-BANKER: IT COULD BE BAD
(02:31 / Allies) TANKER-BANKER: HELP ME CC THIS SHIT TEAL
(02:39 / Allies) nibowen: rush
(03:43 / Allies) nibowen: wood
(03:52 / Allies) nibowen: lil bit
(04:05 / Allies) TANKER-BANKER: help me get shredder teal baby i give u wood love u long time
(05:25 / Allies) BellaCiao: fuck off
(05:26 / Allies) BellaCiao: red
(05:40 / Allies) 8800888008: nah
(05:40 / Allies) BellaCiao: shoo
(05:42 / Allies) 8800888008: u just creep with me
(05:54 / Allies) BellaCiao: go
(06:19 / All) 8800888008: gg
(06:20 / Allies) BellaCiao: I said go away
(06:26 / Allies) 8800888008: when i creep here
(06:29 / Allies) 8800888008: u creep with me
(06:29 / Allies) 8800888008: ok
(06:32 / All) 8800888008: green is tker
(06:33 / Allies) BellaCiao: nope
(06:33 / All) 8800888008: gg
(06:45 / All) BellaCiao: he tried to creep my expo
(06:55 / All) 8800888008: he got one already lol
(07:03 / All) 8800888008: anyway i will report this to blizzard
(07:05 / All) BellaCiao: LOL
(07:11 / All) TANKER-BANKER: red did the tking...
(07:56 / Allies) BellaCiao: lost a fiend to golems
(07:58 / Allies) BellaCiao: sick shit
(08:10 / Allies) TANKER-BANKER: look at that micro
(08:11 / Allies) TANKER-BANKER: by teal
(08:14 / Allies) TANKER-BANKER: he saved a fiend
(09:37 / All) TANKER-BANKER: oh baby baby
(09:39 / All) TANKER-BANKER: oh baby aby
(09:40 / All) BellaCiao: tp please blue
(09:43 / All) TANKER-BANKER: how was i supposed to know
(09:47 / All) TANKER-BANKER: that something wasn't right
(09:49 / All) TANKER-BANKER: TELL ME
(09:53 / All) TANKER-BANKER: HOW MUCH I LOVE U
(09:55 / All) BellaCiao: tp faggot
(10:00 / All) BellaCiao: gj
(10:08 / All) BellaCiao: thanks for the xp bro
(10:21 / All) TANKER-BANKER: GREEN IS #2 BLUE KNOW UR PLACE
(11:10 / Allies) nibowen: lol
(11:20 / All) TANKER-BANKER: LOOK ATYELLOW LAWL
(11:28 / All) TANKER-BANKER: 80 FOOD OF HH AND HAVENT TOUCHED A SINGLE ONE
(11:49 / All) TANKER-BANKER: GO TEAL
(11:51 / All) TANKER-BANKER: U FOOL
(11:53 / All) TANKER-BANKER: HIT HTE GOLEMS
(12:03 / All) TANKER-BANKER: LETS HIT YELLOW AFTER HE A MORON
(12:59 / All) LovelyToMeetYou: nice gold mine lol
(13:07 / All) LovelyToMeetYou: I got all the ghosts and cobwebs out of there now
(13:44 / Allies) nibowen: gold
(13:47 / Allies) nibowen: plz
(14:04 / Allies) nibowen: come on
(14:08 / Allies) nibowen: gold
(14:16 / Allies) nibowen: lil bit
(14:18 / Allies) BellaCiao: I don't have enough bro
(14:31 / Allies) nibowen: purple gold
(15:22 / Allies) nibowen: purple you son of a bitch
(15:33 / All) TANKER-BANKER: LAWL TEAL CALL ME A SON OF ABITCH DONT KNOW WHY WE ARE ALLIES
(15:35 / Allies) nibowen: where is your unit
(15:49 / Allies) nibowen: where is your unit
(16:40 / Allies) nibowen: coming green
(18:15 / All) TANKER-BANKER: i love u #2
(19:06 / All) BellaCiao: i got 5.k to rebuild how about you?
(20:06 / All) iwannaGAGOOfast: lol gg then?
(20:10 / All) BellaCiao: Out.
(20:11 / All) TANKER-BANKER: not quiet blue
(20:13 / All) BellaCiao: So fucking bad
(21:07 / Allies) nibowen: noooooooooooooo
(21:16 / Allies) nibowen: purple
(22:10 / All) nibowen: you see my teammate helps you
(22:17 / All) LovelyToMeetYou: imagine that
(22:18 / All) TANKER-BANKER: perhaps
(22:35 / All) nibowen: wow
(22:44 / All) nibowen: purple is drugged
(22:45 / All) BellaCiao: You are just another helpless victim
(22:46 / All) BellaCiao: Leave.
(22:48 / Allies) BellaCiao: sup
(24:54 / All) TANKER-BANKER: u are a little smarter than the average bear
(25:11 / All) LovelyToMeetYou: I noticed when I couldn't flamestrike his shop
(25:52 / All) TANKER-BANKER: i really dont care who wins
(25:54 / All) BellaCiao: Which team gets the loss?
(25:55 / All) BellaCiao: same
(26:01 / All) LovelyToMeetYou: oh
(26:03 / All) LovelyToMeetYou: stats I guess
(26:05 / All) TANKER-BANKER: what a horrible group of players
(26:12 / All) BellaCiao: Red was 1-1
(26:17 / All) BellaCiao: Teal was 73-82
(26:17 / All) TANKER-BANKER: teal has a lot of games, not particular good rec
(26:29 / All) LovelyToMeetYou: 129-154 yellow
(26:35 / All) TANKER-BANKER: whats blues
(26:39 / All) LovelyToMeetYou: 48-49 blue
(26:46 / All) TANKER-BANKER: i same blues side
(26:55 / All) BellaCiao: This was a relaxing game, easy all around. No resistance
(27:03 / All) LovelyToMeetYou: red is 1-1
(27:24 / All) LovelyToMeetYou: blue to lose|